 Dungeon Crawl Stone Soup version 0.31.0-9-g3a7656b989 (webtiles) character file.

Game seed: 15289182530271762562

1880 qw the Skirmisher (level 8, -16/46 HPs)
             Began as a Deep Elf Hunter on Feb 2, 2024.
             Was an Initiate of Okawaru.
             Killed from afar by a steam dragon (22 damage)
             ... with a ball of steam
             ... on level 6 of the Dungeon.
             The game lasted 00:00:28 (4093 turns).

qw the Skirmisher (Deep Elf Hunter)                 Turns: 4093, Time: 00:00:28

Health: -16/46     AC:  8    Str: 14    XL:     8   Next: 91%
Magic:  10/10      EV: 11    Int: 15    God:    Okawaru [......]
Gold:   302        SH:  5    Dex: 20    Spells: 7/7 levels left

rFire   . . .        a - +0 shortbow
rCold   . . .        (shield currently unavailable)
rNeg    . . .        j - +0 scale mail of Virtue {Fly rCorr}
rPois   +            m - +1 helmet {SInv}
rElec   .            (no cloak)
rCorr   +            (no gloves)
SInv    +            (no boots)
Will    .....        l - amulet of reflection
Stlth   +            e - ring of poison resistance
HPRegen 0.27/turn    i - +6 ring of strength
MPRegen 0.12/turn

%: reflection
@: weakened, flying
A: no striking features
a: Renounce Religion


You were on level 6 of the Dungeon.
You worshipped Okawaru.
Okawaru was noncommittal.
You visited 2 branches of the dungeon, and saw 7 of its levels.

You collected 302 gold pieces.


   Skills:
 - Level 3.1 Fighting
 - Level 14.1 Ranged Weapons
 - Level 1.7 Armour
 + Level 4.8 Dodging
 - Level 1.2 Stealth


You had 7 spell levels left.
You didn't know any spells.
Your spell library was empty.

Inventory:

Hand Weapons
 a - a +0 shortbow (weapon)
Armour
 g - a +2 ring mail
 j - the +0 scale mail of Virtue (worn) {Fly rCorr}
   (You found it on level 5 of the Dungeon)

   Fly:       It grants you flight.
   rCorr:     It protects you from acid and corrosion.
 m - a +1 helmet of see invisible (worn)
Jewellery
 c - a ring of fire
 e - a ring of poison resistance (left hand)
 i - a +6 ring of strength (right hand)
 l - an amulet of reflection (around neck)
Scrolls
 f - a scroll of torment {unknown}
Potions
 d - 3 potions of curing
 k - a potion of might {unknown}
 n - a potion of enlightenment {unknown}

Dungeon Overview and Level Annotations

Branches:
Dungeon (6/15)             Temple (1/1) D:6

Altars:
Ashenzari
Cheibriados
Dithmenos
Fedhas
Gozag
Hepliaklqana
Kikubaaqudgha
Makhleb
Nemelex Xobeh
Okawaru
Qazlal
Ru
Trog
Uskayaw
Wu Jian
Yredelemnul
Zin
The Shining One

Shops:
D:3 (


Message History

The gnoll is moderately wounded.
You block the gnoll's attack. The gnoll closely misses you.
The steam dragon breathes steam at you.
The ball of steam hits the gnoll!
The gnoll dies!
The ball of steam hits you!
You shoot an arrow. The arrow hits the gnoll bouda!
The gnoll bouda is moderately wounded.
You are engulfed in a cloud of scalding steam.
You block the gnoll's attack. The gnoll bouda closely misses you.
You shoot an arrow.
The arrow barely misses the gnoll bouda.
You are engulfed in a cloud of scalding steam.
The gnoll hits you from afar with a +0 spear.
The steam dragon bites you but does no damage.
You block the steam dragon's attack.
The gnoll bouda is engulfed in a cloud of scalding steam.
The gnoll bouda barely misses you.
You shoot an arrow. The arrow hits the gnoll bouda!
You kill the gnoll bouda!
Okawaru accepts your kill.
You are engulfed in a cloud of scalding steam.
The gnoll hits you but does no damage.
You shoot an arrow. The arrow hits the steam dragon!
The steam dragon is moderately wounded.
You are engulfed in a cloud of scalding steam.
The steam dragon closely misses you.
The steam dragon claws you but does no damage.
The gnoll barely misses you.
You shoot an arrow. The arrow hits the steam dragon!
The steam dragon is severely wounded.
You are engulfed in a cloud of scalding steam.
The steam dragon barely misses you. You block the steam dragon's attack.
The gnoll barely misses you.
You shoot an arrow.
The arrow barely misses the steam dragon.
The gnoll is no longer moving quickly.
The steam dragon breathes steam at you. The ball of steam hits you!!
You die...

#....# #..'...........
#....#
#....#..#...........
#....#
#....#..#...........
#....#
#....#..#...........
#..###
#....##)#########...
#..######..........
#<..
#..#....+..........
#....
#..#....#..D.g.....
#....
#..##......@)).)....
#....
#..##..###~###.$#....
#....
#......#.#~#.#........
#.... #....###.#~#.# .
#.... #........#~#...
###..###.#~#.### .#..
#.#~#.# ..#...###~###
#..#....


You could see a steam dragon (catching breath) and a gnoll.

Vanquished Creatures
  Pikel (D:5)
  Menkaure (D:5)
  Duvessa (D:5)
  An ice beast (D:5)
  A black bear (D:4)
  A crocodile (D:4)
  4 lemures (D:5)
  2 phantoms
  A bullfrog (D:6)
  2 scorpions (D:5)
  Dowan (D:5)
  2 jellies (D:5)
  2 hounds (D:5)
  A gnoll bouda (D:6)
  An orc priest (D:5)
  7 iguanas
  An orc wizard (D:6)
  Ijyb (D:3)
  3 adders
  3 gnolls (D:6)
  A shadow imp (D:5)
  A white imp (D:6)
  A dart slug (D:1)
  A ribbon worm (D:2)
  10 orcs
  2 ball pythons
  7 endoplasms
  3 giant cockroaches
  10 goblins
  10 hobgoblins
  4 jackals (D:4)
  8 quokkas
  4 bats
  6 frilled lizards
  8 kobolds
  5 rats
118 creatures vanquished.

Vanquished Creatures (others)
  A gnoll (D:6)
  A goblin (D:3)
2 creatures vanquished.

Grand Total: 120 creatures vanquished

Notes
Turn   | Place    | Note
-------+----------+-------------------------------------------
     0 | D:1      | qw the Deep Elf Hunter began the quest for the Orb.
     0 | D:1      | Reached XP level 1. HP: 12/12 MP: 3/3
     0 | D:1      | 0 ||| qw: Version: 0.3-a-155-g5e7d8dd
     0 | D:1      | 0 ||| qw: Game counter: 715
     0 | D:1      | 0 ||| qw: Melee chars always use a shield: true
     0 | D:1      | 0 ||| qw: God list: Okawaru
     0 | D:1      | 0 ||| qw: Allow faded altars: false
     0 | D:1      | 0 ||| qw: Do Orc after clearing Dungeon:15 true
     0 | D:1      | 0 ||| qw: Do second Lair branch before Depths: true
     0 | D:1      | 0 ||| qw: Lair rune preference: random
     0 | D:1      | 0 ||| qw: Goals: Normal
     0 | D:1      | 0 ||| PLANNING D:1-11
   145 | D:1      | Reached skill level 6 in Ranged Weapons
   145 | D:1      | Reached XP level 2. HP: 10/16 MP: 4/4
   731 | D:1      | Found a faded altar of an unknown god.
   732 | D:1      | 732 ||| UPGRADING to +0 ring mail.
   742 | D:1      | 742 ||| DROPPING +0 leather armour.
   743 | D:1      | 743 ||| UPGRADING to ring of poison resistance.
   744 | D:1      | 744 ||| UPGRADING to +6 ring of strength.
   745 | D:1      | 745 ||| READING scroll labelled HYWNOGR UDUBI.
   749 | D:1      | 749 ||| DRINKING 3 orange potions.
   750 | D:1      | 750 ||| DROPPING scroll of butterflies.
   908 | D:2      | Reached XP level 3. HP: 20/20 MP: 5/5
   971 | D:2      | Reached skill level 7 in Ranged Weapons
  1276 | D:2      | 1276 ||| READING scroll labelled ENAXUMPUCLI.
  1276 | D:2      | 1276 ||| IDENTIFYING bubbling red potion
  1277 | D:2      | 1277 ||| READING 2 scrolls labelled COUDUILOQI.
  1277 | D:2      | 1277 ||| ENCHANTING +0 ring mail.
  1278 | D:2      | 1278 ||| READING scroll of enchant armour.
  1278 | D:2      | 1278 ||| ENCHANTING +1 ring mail.
  1279 | D:2      | 1279 ||| READING 2 scrolls labelled MONUOW KUNEUNA.
  1280 | D:2      | 1280 ||| DROPPING potion of lignification.
  1281 | D:2      | 1281 ||| DROPPING scroll of revelation.
  1332 | D:3      | Reached XP level 4. HP: 21/25 MP: 6/6
  1393 | D:3      | Identified the +0 robe of Ru's Envy {rF- Will+ Slay+2}
  1460 | D:3      | Found Ipsuq's Weapon Emporium.
  1492 | D:3      | 1492 ||| SHOPLISTING +2 hand cannon of flaming (256 gold,
                  | have 122).
  1492 | D:3      | 1492 ||| SHOPLISTING +9 orcbow "Roel" {flame, rElec Dex+2}
                  | (973 gold, have 122).
  1705 | D:3      | Noticed Ijyb
  1708 | D:3      | Reached skill level 8 in Ranged Weapons
  1717 | D:3      | HP: 2/25 [Ijyb/bolt of light (15)]
  1718 | D:3      | 1718 ||| READING scroll of teleportation.
  1834 | D:3      | Killed Ijyb
  1912 | D:3      | 1912 ||| DROPPING +0 robe of Ru's Envy {rF- Will+ Slay+2}.
  1913 | D:3      | 1913 ||| UPGRADING to +1 helmet of see invisible.
  1918 | D:3      | 1918 ||| UPGRADING to amulet of reflection.
  1923 | D:3      | 1923 ||| READING 2 scrolls of identify.
  1923 | D:3      | 1923 ||| IDENTIFYING purple potion
  1924 | D:3      | 1924 ||| READING scroll of identify.
  1924 | D:3      | 1924 ||| IDENTIFYING 3 golden potions
  1925 | D:3      | 1925 ||| READING scroll labelled MEFOTY BIUBRAFIL.
  1926 | D:3      | 1926 ||| DROPPING potion of magic.
  1959 | D:4      | Noticed a black bear
  1960 | D:4      | 1960 ||| ZAPPING wand of light (9) at -3,3 (black bear;
                  | floor).
  1961 | D:4      | 1961 ||| ZAPPING wand of light (8) at -2,2 (black bear;
                  | floor).
  1962 | D:4      | 1962 ||| ZAPPING wand of light (7) at -1,1 (black bear;
                  | floor).
  1962 | D:4      | Killed a black bear
  1963 | D:4      | Reached skill level 9 in Ranged Weapons
  1963 | D:4      | Reached XP level 5. HP: 29/29 MP: 7/7
  2134 | D:4      | Noticed a phantom
  2135 | D:4      | 2135 ||| ZAPPING wand of light (6) at 4,3 (phantom; floor).
  2136 | D:4      | 2136 ||| ZAPPING wand of light (5) at 3,3 (phantom; floor).
  2137 | D:4      | 2137 ||| ZAPPING wand of light (4) at 2,2 (phantom; floor).
  2137 | D:4      | Killed a phantom
  2138 | D:4      | Reached skill level 3 in Dodging
  2138 | D:4      | Reached XP level 6. HP: 34/34 MP: 8/8
  2517 | D:4      | 2517 ||| READING scroll labelled NIUJOSE WIER.
  2518 | D:4      | 2518 ||| DRINKING 3 amethyst potions.
  2519 | D:4      | 2519 ||| DROPPING 2 potions of brilliance.
  2534 | D:5      | Entered Level 5 of the Dungeon
  2664 | D:5      | Reached skill level 10 in Ranged Weapons
  2664 | D:5      | Reached XP level 7. HP: 40/40 MP: 9/9
  2690 | D:5      | Reached skill level 1 in Armour
  2787 | D:5      | Noticed Dowan
  2789 | D:5      | Noticed Duvessa
  2796 | D:5      | Killed Dowan
  2797 | D:5      | 2797 ||| ZAPPING wand of light (3) at 1,1 (Duvessa; floor).
  2798 | D:5      | 2798 ||| ZAPPING wand of light (2) at 1,1 (Duvessa; floor).
  2799 | D:5      | 2799 ||| ZAPPING wand of light (1) at 1,1 (Duvessa; floor).
  2805 | D:5      | Killed Duvessa
  2824 | D:5      | 2824 ||| FLEEEEING.
  2825 | D:5      | 2825 ||| FLEEEEING.
  2826 | D:5      | 2826 ||| FLEEEEING.
  2827 | D:5      | 2827 ||| FLEEEEING.
  2828 | D:5      | 2828 ||| FLEEEEING.
  2829 | D:5      | 2829 ||| FLEEEEING.
  2830 | D:5      | 2830 ||| FLEEEEING.
  2831 | D:5      | 2831 ||| FLEEEEING.
  2832 | D:5      | 2832 ||| FLEEEEING.
  2833 | D:5      | 2833 ||| FLEEEEING.
  2834 | D:5      | 2834 ||| FLEEEEING.
  2835 | D:5      | 2835 ||| FLEEEEING.
  2836 | D:5      | 2836 ||| FLEEEEING.
  2837 | D:5      | 2837 ||| FLEEEEING.
  2838 | D:5      | 2838 ||| FLEEEEING.
  2839 | D:5      | 2839 ||| FLEEEEING.
  2840 | D:5      | 2840 ||| FLEEEEING.
  2841 | D:5      | 2841 ||| FLEEEEING.
  2842 | D:5      | 2842 ||| FLEEEEING.
  2843 | D:5      | 2843 ||| FLEEEEING.
  2844 | D:5      | 2844 ||| FLEEEEING.
  2845 | D:5      | 2845 ||| FLEEEEING.
  2846 | D:5      | 2846 ||| FLEEEEING.
  2847 | D:5      | 2847 ||| FLEEEEING.
  2848 | D:5      | 2848 ||| FLEEEEING.
  2849 | D:5      | 2849 ||| FLEEEEING.
  2850 | D:5      | 2850 ||| STAIRDANCE
  2883 | D:4      | 2883 ||| READING scroll labelled VASOPEIMAI.
  2957 | D:5      | Reached skill level 11 in Ranged Weapons
  3018 | D:5      | 3018 ||| RETREEEEATING.
  3021 | D:5      | HP: 7/40 [lemure[Pikel] (5)]
  3022 | D:5      | 3022 ||| READING 3 scrolls of teleportation.
  3023 | D:5      | 3023 ||| DRINKING 3 potions of heal wounds.
  3024 | D:5      | 3024 ||| RETREEEEATING.
  3104 | D:5      | Noticed Menkaure
  3115 | D:5      | Killed Menkaure
  3116 | D:5      | Reached XP level 8. HP: 21/45 MP: 10/10
  3155 | D:5      | 3155 ||| FLEEEEING.
  3156 | D:5      | 3156 ||| FLEEEEING.
  3165 | D:5      | Noticed Pikel
  3170 | D:5      | 3170 ||| RETREEEEATING.
  3173 | D:5      | 3173 ||| RETREEEEATING.
  3174 | D:5      | HP: 11/45 [Pikel/+0 whip of electrocution (7)]
  3175 | D:5      | 3175 ||| READING 2 scrolls of teleportation.
  3176 | D:5      | 3176 ||| DRINKING 3 potions of heal wounds.
  3265 | D:5      | Identified the +0 scale mail of Virtue {Fly rCorr}
  3274 | D:5      | Reached skill level 12 in Ranged Weapons
  3292 | D:5      | Reached skill level 3 in Fighting
  3295 | D:5      | 3295 ||| RETREEEEATING.
  3316 | D:5      | 3316 ||| RETREEEEATING.
  3317 | D:5      | 3317 ||| RETREEEEATING.
  3318 | D:5      | 3318 ||| RETREEEEATING.
  3319 | D:5      | 3319 ||| RETREEEEATING.
  3320 | D:5      | 3320 ||| RETREEEEATING.
  3322 | D:5      | 3322 ||| RETREEEEATING.
  3326 | D:5      | HP: 7/46 [Pikel/+0 whip of electrocution (6)]
  3327 | D:5      | 3327 ||| READING scroll of teleportation.
  3328 | D:5      | 3328 ||| DRINKING 2 potions of heal wounds.
  3331 | D:5      | 3331 ||| FLEEEEING.
  3332 | D:5      | 3332 ||| FLEEEEING.
  3337 | D:5      | 3337 ||| FLEEEEING.
  3338 | D:5      | 3338 ||| FLEEEEING.
  3339 | D:5      | 3339 ||| FLEEEEING.
  3340 | D:5      | 3340 ||| FLEEEEING.
  3341 | D:5      | 3341 ||| FLEEEEING.
  3357 | D:5      | HP: 8/46 [lemure[Pikel] (7)]
  3358 | D:5      | 3358 ||| DRINKING potion of heal wounds.
  3378 | D:5      | HP: 11/46 [Pikel/+0 whip of electrocution (1)]
  3379 | D:5      | Killed Pikel
  3380 | D:5      | Reached skill level 13 in Ranged Weapons
  3412 | D:5      | 3412 ||| FLEEEEING.
  3413 | D:5      | 3413 ||| FLEEEEING.
  3414 | D:5      | 3414 ||| FLEEEEING.
  3419 | D:5      | 3419 ||| FLEEEEING.
  3420 | D:5      | 3420 ||| FLEEEEING.
  3421 | D:5      | 3421 ||| FLEEEEING.
  3422 | D:5      | 3422 ||| FLEEEEING.
  3423 | D:5      | 3423 ||| FLEEEEING.
  3424 | D:5      | 3424 ||| FLEEEEING.
  3425 | D:5      | 3425 ||| FLEEEEING.
  3426 | D:5      | 3426 ||| FLEEEEING.
  3427 | D:5      | 3427 ||| FLEEEEING.
  3428 | D:5      | 3428 ||| STAIRDANCE
  3507 | D:4      | 3507 ||| UPGRADING to +0 scale mail of Virtue {Fly rCorr}.
  3690 | D:5      | 3690 ||| READING scroll of identify.
  3690 | D:5      | 3690 ||| IDENTIFYING clear potion
  3691 | D:5      | 3691 ||| DROPPING potion of invisibility.
  3725 | D:6      | 3725 ||| FLEEEEING.
  3799 | D:6      | Found a staircase to the Ecumenical Temple.
  3800 | D:6      | 3800 ||| PLANNING TEMPLE
  3809 | Temple   | Entered the Ecumenical Temple
  3810 | Temple   | 3810 ||| PLANNING OKAWARU WORSHIP
  3862 | Temple   | Became a worshipper of Warmaster Okawaru
  3863 | Temple   | 3863 ||| PLANNING D:1-11
  3971 | D:6      | Reached skill level 14 in Ranged Weapons
  4021 | D:6      | HP: 10/46 [gnoll/+0 spear[a gnoll bouda] (5)]
  4022 | D:6      | 4022 ||| READING scroll of teleportation.
  4023 | D:6      | 4023 ||| DRINKING potion of heal wounds.
  4092 | D:6      | HP: 5/46 [steam dragon] (7)]
  4093 | D:6      | Killed from afar by a steam dragon

Levels and vault maps discovered:
D:1:      lightli_arrival_flooded_house, layout_loops_cross,
          shapermc_ecumenical_altar_mp_urbaneastern, minmay_cupped
D:2:      layout_loops_cross, kennysheep_generic_room_9
D:3:      kennysheep_the_goblin_king, layout_rooms, serial_shops, shop,
          grunt_ministairs_9, corexii_hall_statues_x
D:4:      layout_cave_pools, minmay_lizard_king
D:5:      layout_cave_pools, uniq_pikel, uniq_duvessa, uniq_menkaure
D:6:      layout_gridville, fiery_altar_vehumet, minmay_temple_entry_wispy,
          serial_shops, nicolae_shop_window_shopping, grunt_decor_cap,
          wad_floor_pattern_2, supply_closet_lemuel, kennysheep_generic_room_14
Temple:   dpeg_five_rooms_temple

Skill      XL: |  1  2  3  4  5  6  7  8 |
---------------+-------------------------+-----
Ranged Weapons | 6 7 9 10 11 14 | 14.1
Dodging        | 3 4 |  4.8
Fighting       | 2 3 |  3.1
Armour         | 1 |  1.7
Stealth        | |  1.2

Action                     |  1- 3 |  4- 6 |  7- 9 || total
---------------------------+-------+-------+-------++-------
   Fire: Shortbow          |   114 |   149 |   245 ||   508
  Evoke: Wand              |       |     6 |     3 ||     9
    Use: Scroll            |     5 |     5 |     6 ||    16
         Potion            |     1 |     1 |     5 ||     7
 Armour: Leather armour    |    15 |       |       ||    15
         Ring mail         |    16 |    43 |    71 ||   130
         Scale mail        |       |       |    34 ||    34
  Dodge: Dodged            |    32 |    58 |    67 ||   157
  Block: Other             |       |    16 |    37 ||    53

Table legend:
 A = Non-vault XP
 B = Vault XP
 C = Vault XP percentage of total XP
 D = Non-vault monster count
 E = Vault monster count
 F = Vault count percentage of total count
                 A         B        C        D         E       F
            +---------+---------+-------+---------+---------+-------
      Total |    1511 |    1176 |  43.8 |      94 |      21 |  18.3
            +---------+---------+-------+---------+---------+-------
        D:1 |      27 |       6 |  18.2 |      15 |       4 |  21.1
        D:2 |      54 |       0 |   0.0 |      16 |       0 |   0.0
        D:3 |      60 |      48 |  44.4 |      16 |       8 |  33.3
        D:4 |     269 |     125 |  31.7 |      16 |       5 |  23.8
        D:5 |     754 |     997 |  56.9 |      16 |       4 |  20.0
        D:6 |     347 |       0 |   0.0 |      15 |       0 |   0.0
            +---------+---------+-------+---------+---------+-------
